Map: 零纪元-天梯版

Players

Maru - Winner!

  • Race: Terran Terran
  • League: Gold

Neeb

  • Race: Protoss Protoss

Event: WESG 2018 Grand Finals

VOD

Have the link to the VOD?

Description

Time

  • Played on: March 14, 2019, 6:37 a.m.
  • Length: 31:16

All games in this series

Show
View Real Time Build Order
Export as new Build Order

Maru Terran - Winner!

Build Orders: Liberator Opening, Reaper Expand 

Get SALT Encoding   

  12  0:00  SCV  
  13  0:12  SCV  
  14  0:17  Supply Depot  
  14  0:24  SCV  
  15  0:39  SCV  
  15  0:40  Barracks  
  16  0:44  Refinery  
  16  0:51  SCV  
  17  1:03  SCV  
  18  1:15  SCV  
  19  1:27  Reaper, Orbital Command  
  20  1:43  Command Center  
  20  1:53  SCV  
  21  1:59  Supply Depot  
  21  2:00  Barracks Reactor  
  21  2:05  SCV  
  22  2:11  Refinery  
  22  2:17  SCV  
  23  2:25  Factory  
  23  2:29  SCV  
  24  2:38  Marine x2  
  24  2:41  SCV  
  27  2:53  SCV  
  27  2:55  Marine, Orbital Command  
  27  2:56  Marine  
  30  3:05  SCV  
  30  3:09  Starport  
  31  3:13  Factory Tech Lab, Marine x2  
  31  3:17  SCV  
  34  3:21  SCV  
  35  3:30  SCV  
  35  3:31  Marine x2  
  35  3:32  Cyclone  
  35  3:33  Supply Depot  
  41  3:35  SCV  
  42  3:42  SCV  
  42  3:46  Starport Tech Lab  
  42  3:47  SCV  
  42  3:48  Liberator  
  44  3:53  Barracks  
  44  3:54  SCV  
  45  3:57  Supply Depot  
  45  3:59  SCV  
  46  4:06  SCV  
  46  4:07  Siege Tank  
  53  4:11  SCV  
  53  4:15  Supply Depot  
  54  4:19  Marine x2  
  57  4:24  SCV x2  
  57  4:37  SCV x2  
  59  4:38  Supply Depot  
  59  4:39  Refinery, Siege Tank  
  62  4:46  Command Center  
  62  4:50  SCV x2  
  64  5:00  Supply Depot  
  64  5:02  SCV x2  
  64  5:04  Raven  
  68  5:07  Refinery  
  68  5:08  Marine x2  
  69  5:14  SCV x2  
  70  5:23  Siege Tank  
  70  5:26  SCV  
  70  5:27  SCV, Supply Depot, Barracks Tech Lab  
  75  5:29  Barracks  
  75  5:38  SCV  
  75  5:39  SCV  
  75  5:42  Engineering Bay, Supply Depot  
  77  5:43  Engineering Bay  
  77  5:46  Stimpack  
  76  5:51  SCV x2  
  76  5:53  Marine x3  
  81  5:57  Siege Tank  
  81  6:03  Orbital Command, SCV x2  
  86  6:04  Starport Reactor  
  86  6:09  Terran Infantry Weapons Level 1, Terran Infantry Armor Level 1  
  86  6:11  Marine x2  
  86  6:12  Marine  
  86  6:15  SCV x2, Supply Depot  
  90  6:27  SCV  
  90  6:28  Marauder  
  90  6:29  Marine x2  
  90  6:30  Marauder  
  90  6:32  Combat Shield  
  97  6:38  Supply Depot  
  97  6:41  Barracks  
  97  6:44  Barracks, SCV  
  97  6:45  Medivac x2  
  102  6:48  Supply Depot  
  102  6:50  SCV  
  103  6:55  Marine x4  
  103  6:56  SCV  
  103  6:58  Orbital Command  
  108  7:03  SCV  
  108  7:05  Siege Tank  
  112  7:08  SCV  
  112  7:12  Armory  
  113  7:16  SCV  
  113  7:20  SCV  
  113  7:21  Medivac  
  113  7:22  Medivac  
  119  7:24  SCV  
  119  7:28  SCV  
  119  7:29  Refinery  
  121  7:31  Barracks Reactor  
  121  7:32  SCV  
  121  7:33  Barracks Tech Lab, Supply Depot  
  121  7:34  Refinery  
  121  7:36  SCV  
  123  7:40  SCV  
  123  7:43  Missile Turret  
  124  7:45  Marauder, Missile Turret, SCV  
  124  7:48  SCV, Supply Depot  
  128  7:52  SCV  
  128  7:56  Concussive Shells, Supply Depot  
  128  7:57  SCV  
  130  7:59  Marauder x2  
  130  8:00  SCV  
  130  8:02  Supply Depot  
  130  8:04  SCV  
  135  8:06  Marauder  
  136  8:12  Terran Infantry Weapons Level 2, Terran Infantry Armor Level 2  
  136  8:20  Liberator  
  136  8:21  Marauder x2  
  136  8:24  Marine, Command Center  
  136  8:27  Marauder, Supply Depot  
  136  8:36  Siege Tank  
  136  8:38  Marine  
  135  8:42  Marauder  
  135  8:43  Liberator  
  135  8:46  Marauder, Marine x3, Supply Depot  
  140  8:49  Marauder  
  140  8:54  Starport  
  142  9:00  Missile Turret  
  142  9:02  Missile Turret  
  145  9:04  Marauder  
  145  9:05  Supply Depot  
  145  9:06  Terran Ship Weapons Level 1  
  145  9:07  Marauder, Marine x3  
  145  9:08  Marine  
  153  9:10  Marauder  
  153  9:14  Liberator  
  153  9:15  Supply Depot  
  158  9:19  Fusion Core  
  155  9:25  Marauder, Marine x3  
  155  9:26  Marine  
  161  9:37  Liberator x2  
  164  9:42  Command Center  
  164  9:45  Missile Turret  
  164  9:47  SCV  
  164  9:48  SCV x2  
  164  9:50  Sensor Tower  
  167  9:59  SCV  
  174  10:00  SCV x2  
  174  10:03  Refinery  
  176  10:10  Sensor Tower  
  176  10:11  Advanced Ballistics  
  176  10:13  Refinery  
  176  10:15  Factory Reactor  
  176  10:17  Starport  
  176  10:18  Planetary Fortress  
  176  10:20  Liberator  
  176  10:21  Liberator  
  176  10:27  Missile Turret  
  176  10:31  Missile Turret  
  176  10:32  Marine  
  176  10:33  Marauder x2  
  181  10:36  Liberator  
  178  10:56  Liberator x2  
  172  10:58  Command Center  
  172  11:03  Liberator  
  172  11:10  Missile Turret  
  172  11:11  Marauder x3, Marine, Missile Turret  
  174  11:12  Ghost Academy  
  185  11:21  Command Center  
  188  11:30  Sensor Tower  
  179  11:45  Personal Cloaking, Ghost x3  
  182  11:49  Planetary Fortress  
  182  11:51  SCV x2  
  184  12:00  Marine x4  
  188  12:05  Refinery  
  188  12:08  Refinery  
  188  12:14  Marauder x2, Marine  
  188  12:15  Orbital Command  
  193  12:17  Missile Turret  
  193  12:18  Marine x2  
  194  12:34  Orbital Command  
  187  12:49  Ghost x2  
  185  13:01  Viking x5  
  163  13:14  Marine x3, Liberator x3  
  163  13:15  Marine  
  163  13:18  Marauder x2  
  163  13:19  Liberator x2  
  168  13:24  Engineering Bay x2  
  167  13:32  Marine x3  
  164  13:39  Marauder, Marine  
  164  13:40  Marauder  
  158  13:47  Orbital Command  
  149  13:49  Marine x2, Orbital Command  
  149  13:50  Marine  
  152  13:57  Liberator x3  
  152  14:01  Marauder x2  
  152  14:02  SCV x3  
  159  14:09  Factory  
  159  14:14  SCV  
  159  14:15  SCV  
  159  14:16  SCV x3  
  171  14:22  Marauder x2  
  175  14:25  Viking x2  
  175  14:26  SCV  
  180  14:33  SCV  
  181  14:40  SCV x4  
  181  14:42  Supply Depot  
  181  14:43  Refinery, Ghost  
  181  14:44  Marauder  
  181  14:45  SCV  
  190  14:50  Barracks  
  190  14:54  Armory  
  190  14:55  Viking  
  190  14:59  Refinery  
  192  15:00  Refinery  
  192  15:02  Sensor Tower  
  192  15:04  Raven, Viking x3  
  200  15:21  Sensor Tower  
  200  15:25  Command Center  
  200  15:41  Orbital Command  
  191  15:45  Ghost x2  
  191  15:46  Viking  
  191  15:47  Viking x3  
  195  15:54  Terran Ship Weapons Level 2, Terran Infantry Weapons Level 3, Terran Infantry Armor Level 3  
  195  16:07  Nuke  
  195  16:08  SCV  
  196  16:13  Barracks Tech Lab  
  196  16:14  Ghost x2  
  195  16:19  Viking  
  195  16:20  SCV, Viking  
  200  16:32  Viking, SCV  
  196  16:44  SCV  
  185  16:49  Marauder x2, Marine x2  
  185  16:50  Marauder  
  185  16:53  Marine x2  
  173  17:02  Viking x2  
  173  17:03  Viking  
  173  17:06  SCV x2  
  178  17:10  Ghost  
  178  17:11  Marauder x2  
  181  17:18  Medivac x2  
  185  17:25  Orbital Command  
  185  17:31  Ghost x2  
  185  17:32  Viking x2, Nuke  
  185  17:33  Viking  
  193  17:47  Viking  
  193  17:48  Viking  
  183  17:55  Ghost  
  183  17:56  Marine x3  
  182  18:00  Ghost  
  182  18:02  Medivac x2  
  182  18:03  Viking  
  191  18:05  SCV x3  
  191  18:06  SCV x3  
  191  18:09  Command Center  
  196  18:15  Liberator  
  196  18:17  Viking, SCV  
  196  18:19  Orbital Command  
  184  18:30  Liberator  
  181  18:36  Liberator  
  181  18:37  Liberator  
  176  18:47  Orbital Command  
  181  18:56  Liberator  
  181  18:58  Liberator  
  181  19:01  Marine x2, Terran Ship Weapons Level 3  
  181  19:02  Marauder x2  
  187  19:13  Liberator  
  180  19:19  Liberator  
  180  19:22  Ghost x2  
  180  19:23  SCV  
  181  19:30  Orbital Command  
  187  19:41  Sensor Tower  
  187  19:43  Command Center  
  187  19:44  Missile Turret  
  184  20:01  Ghost  
  184  20:05  Missile Turret  
  186  20:08  Ghost x2  
  186  20:09  Marine x3  
  186  20:11  Nuke  
  193  20:15  Command Center  
  193  20:17  Refinery  
  193  20:18  Marine  
  194  20:25  Ghost Academy  
  194  20:27  Marine  
  193  20:30  Marauder  
  195  20:37  Marauder x2, Liberator  
  197  21:03  Neosteel Armor, Hi-Sec Auto Tracking  
  197  21:09  Nuke  
  197  21:13  Command Center  
  197  21:29  Missile Turret  
  197  21:30  Missile Turret x2  
  197  21:31  Missile Turret  
  197  21:38  Terran Vehicle And Ship Armor Level 1  
  193  21:42  Sensor Tower  
  187  21:49  SCV x4  
  187  21:50  SCV x2  
  188  21:56  Planetary Fortress  
  188  21:59  Missile Turret  
  188  22:00  Missile Turret  
  188  22:03  Ghost x2  
  188  22:06  SCV x5, Planetary Fortress  
  197  22:25  SCV x3  
  200  22:34  Nuke  
  200  22:36  Liberator  
  200  22:37  Liberator  
  185  22:48  Viking x2  
  184  22:54  Viking  
  189  23:01  Nuke  
  189  23:03  Marauder, Marine x2  
  191  23:18  Viking x2  
  192  23:24  Viking  
  186  23:36  Viking x2  
  186  23:45  Ghost  
  186  23:46  Marine  
  186  23:47  Marine x3  
  186  23:48  Viking x2  
  193  23:49  Refinery x2  
  193  23:53  Refinery x2, Missile Turret  
  193  23:54  Marauder x2  
  199  24:04  Marine  
  198  24:11  Command Center  
  186  24:36  Marauder x3, Marine x4  
  196  24:45  Nuke  
  196  24:47  Command Center  
  196  24:53  Marine  
  196  24:58  Marauder  
  199  25:03  Refinery  
  199  25:05  Refinery  
  193  25:27  Viking x2  
  193  25:30  Ghost  
  193  25:34  Liberator x2  
  193  25:37  Orbital Command, Planetary Fortress  
  192  25:56  Missile Turret  
  192  26:14  Ghost x2  
  182  26:19  Viking x3  
  182  26:22  Marauder, Marine x4  
  192  26:34  Viking  
  194  26:40  Marine  
  194  26:41  Nuke  
  194  26:43  Marauder x2  
  191  26:59  Viking  
  191  27:00  Viking x3  
  192  27:04  Marauder  
  188  27:13  Viking, Liberator  
  183  27:16  Liberator  
  177  27:29  Viking x2  
  162  27:36  Marauder x3, Marine x3  
  161  27:42  Liberator  
  161  27:43  Viking  
  163  27:45  Liberator  
  163  27:50  SCV x4  
  165  27:51  Orbital Command  
  165  27:58  Marauder  
  167  28:02  Liberator x2  
  167  28:03  Liberator  
  165  28:15  Orbital Command  
  162  28:25  Liberator  
  168  28:35  Liberator  
  168  28:41  SCV x6  
  171  28:43  SCV  
  171  28:46  Orbital Command  
  178  28:51  Liberator  
  181  29:01  Liberator  
  176  29:22  Liberator x2  
  179  29:35  Marine  
  179  29:36  Marauder, Liberator  
  180  29:46  Liberator  
  180  29:51  Ghost  
  179  29:58  Liberator  
  182  30:05  Liberator x2  
  187  30:27  Marauder x2, Marine x3  
  158  30:58  Marine  
Show
View Real Time Build Order
Export as new Build Order

Neeb Protoss 

Build Orders: 1 Gate Expand, Phoenix Opening, Blink Stalkers, Colossus Rush 

Get SALT Encoding   

  12  0:00  Probe  
  13  0:12  Probe  
  14  0:18  Pylon  
  14  0:24  Probe  
  15  0:32  Probe  
  15  0:38  Gateway  
  15  0:40  Probe  
  16  0:47  Assimilator  
  17  0:51  Probe  
  18  1:03  Probe  
  19  1:15  Probe  
  20  1:24  Nexus  
  20  1:34  Cybernetics Core  
  20  1:37  Probe  
  21  1:46  Assimilator  
  21  1:49  Probe  
  21  1:52  Pylon  
  22  1:59  Probe  
  22  2:00  Adept  
  23  2:08  Probe  
  23  2:11  Warp Gate  
  26  2:16  Probe  
  27  2:24  Sentry  
  27  2:27  Probe  
  28  2:36  Probe  
  31  2:39  Probe  
  31  2:43  Twilight Council  
  32  2:48  Probe  
  32  2:50  Stalker  
  33  2:51  Probe, Blink  
  33  2:57  Phoenix  
  36  3:00  Probe  
  36  3:03  Probe  
  38  3:12  Probe  
  39  3:14  Gateway  
  39  3:15  Probe  
  39  3:16  Gateway  
  40  3:25  Pylon  
  40  3:26  Probe  
  41  3:29  Probe  
  42  3:35  Pylon  
  42  3:38  Probe  
  42  3:40  Stalker  
  42  3:41  Probe  
  46  3:49  Robotics Facility  
  46  3:50  Probe  
  46  3:53  Probe  
  48  3:56  Assimilator  
  48  3:59  Assimilator  
  48  4:02  Probe  
  49  4:05  Probe  
  49  4:06  Pylon  
  50  4:14  Stalker x2, Probe  
  55  4:17  Probe  
  55  4:18  Stalker  
  58  4:26  Probe  
  58  4:29  Probe  
  60  4:36  Observer  
  60  4:37  Stalker x2  
  65  4:38  Probe  
  65  4:44  Pylon  
  66  4:51  Nexus  
  66  4:56  Stalker  
  66  4:58  Observer  
  69  5:06  Robotics Bay  
  69  5:07  Probe, Forge  
  69  5:10  Probe  
  71  5:19  Probe, Observer  
  72  5:22  Probe  
  72  5:24  Sentry  
  72  5:27  Protoss Ground Weapons Level 1  
  76  5:29  Pylon  
  76  5:31  Probe  
  76  5:34  Probe  
  78  5:36  Pylon  
  78  5:37  Pylon  
  78  5:43  Colossus  
  78  5:52  Probe  
  78  5:53  Probe  
  86  5:59  Charge  
  84  6:04  Probe x2  
  84  6:07  Gateway  
  84  6:08  Extended Thermal Lance  
  84  6:09  Gateway  
  84  6:10  Probe  
  84  6:11  Gateway  
  87  6:16  Stalker, Probe  
  90  6:20  Probe  
  90  6:24  Probe  
  92  6:26  Pylon  
  92  6:29  Colossus  
  89  6:32  Zealot  
  89  6:33  Zealot  
  89  6:34  Pylon  
  89  6:36  Gateway  
  93  6:45  Gateway  
  99  6:49  Shield Battery  
  99  6:52  Stalker  
  99  6:53  Stalker  
  103  6:54  Stalker  
  105  7:07  Pylon  
  105  7:08  Probe  
  106  7:09  Probe x2  
  106  7:10  Protoss Ground Weapons Level 2  
  106  7:12  Forge  
  106  7:14  Zealot x3  
  106  7:15  Protoss Ground Armor Level 1  
  114  7:20  Probe  
  115  7:27  Nexus  
  115  7:29  Zealot x3  
  121  7:38  Probe x3  
  121  7:39  Colossus  
  130  7:46  Pylon  
  130  7:50  Probe x2  
  132  7:52  Probe  
  132  7:57  Pylon  
  133  7:59  Zealot x4  
  133  8:05  Gateway  
  141  8:07  Gateway  
  141  8:13  Zealot x3  
  141  8:14  Zealot  
  141  8:19  Phoenix  
  149  8:33  Colossus  
  143  8:36  Probe x2  
  143  8:40  Stalker x5  
  151  8:44  Protoss Ground Armor Level 2  
  151  8:49  Protoss Ground Weapons Level 3  
  151  8:50  Assimilator  
  151  8:55  Assimilator  
  151  8:57  Zealot x3  
  157  9:04  Probe x3  
  157  9:05  Probe  
  161  9:13  Pylon  
  161  9:14  Pylon  
  161  9:16  Nexus, Pylon  
  161  9:22  Stalker x2  
  161  9:23  Stalker  
  167  9:26  Phoenix  
  167  9:27  Zealot x2  
  171  9:36  Warp Prism  
  173  9:38  Gravitic Drive  
  173  9:42  Gateway  
  173  9:43  Gateway  
  173  9:47  Gateway  
  173  9:48  Probe x2  
  173  9:49  Templar Archives  
  173  9:50  Probe x2  
  177  9:59  Photon Cannon  
  177  10:04  Zealot x7, Warp Prism  
  193  10:15  Zealot  
  193  10:17  Pylon  
  193  10:21  Photon Cannon  
  195  10:27  Protoss Ground Armor Level 3  
  195  10:34  Photon Cannon  
  173  10:54  Colossus  
  155  10:58  Zealot x7  
  155  10:59  Zealot x4  
  155  11:00  Psionic Storm  
  155  11:02  High Templar x4  
  163  11:08  Stargate  
  163  11:16  High Templar x2  
  163  11:17  Zealot x5  
  177  11:31  Protoss Shields Level 1  
  171  11:43  Stalker x5  
  171  11:47  Assimilator x2  
  177  11:49  Probe x3, Assimilator  
  177  11:51  Assimilator  
  177  11:53  Zealot x2  
  177  11:54  Zealot x2  
  188  12:10  Protoss Air Weapons Level 1  
  188  12:18  Fleet Beacon  
  188  12:21  Stargate  
  188  12:22  High Templar  
  190  12:24  Stargate  
  190  12:34  Zealot x5  
  192  12:43  Dark Shrine  
  168  12:58  Zealot x3  
  168  12:59  Zealot x8  
  170  13:21  Zealot x13  
  175  13:36  Archon  
  155  13:42  Zealot  
  155  13:44  High Templar x2, Zealot  
  155  13:45  Zealot x9  
  174  14:00  Tempest x2  
  174  14:01  Tempest  
  185  14:15  Stalker x3  
  179  14:32  Nexus  
  179  14:36  Oracle x2  
  179  14:38  Protoss Shields Level 2  
  169  14:43  Pylon, Protoss Air Weapons Level 2  
  175  14:48  Pylon  
  175  14:51  Pylon  
  175  14:55  Tempest  
  175  14:59  Observer  
  181  15:04  Robotics Facility x2  
  181  15:12  Tempest x2  
  191  15:20  High Templar, Observer  
  191  15:21  Pylon  
  194  15:23  Assimilator  
  194  15:28  Assimilator  
  194  15:29  Probe x3  
  194  15:30  Probe  
  188  15:41  Probe x2  
  188  15:42  Probe  
  175  15:54  High Templar x3  
  175  15:55  Zealot x9  
  199  16:15  Tempest  
  200  16:25  Shadow Stride  
  200  16:31  Zealot x2  
  189  16:48  Zealot x8, Archon x2  
  189  16:49  Zealot  
  189  16:51  Protoss Shields Level 3  
  189  16:52  Zealot x2  
  189  16:53  Protoss Air Weapons Level 3  
  199  16:55  Nexus  
  187  17:03  High Templar x2  
  187  17:07  Observer  
  191  17:16  Pylon  
  191  17:22  Zealot x4  
  199  17:32  Pylon  
  199  17:51  Archon  
  184  17:55  Observer, Dark Templar x2  
  184  17:56  Dark Templar x11  
  192  18:02  Oracle  
  192  18:03  Oracle  
  191  18:13  Probe x3  
  191  18:14  Probe x3  
  191  18:18  Observer  
  181  18:40  Observer  
  180  18:45  Assimilator  
  180  18:47  Assimilator  
  180  18:48  High Templar  
  180  18:49  High Templar  
  184  18:59  Tempest x2  
  184  19:00  Tempest  
  184  19:01  Observer  
  192  19:04  High Templar x3  
  192  19:05  Pylon  
  192  19:08  Pylon  
  192  19:09  Zealot  
  200  19:14  Pylon  
  200  19:17  Observer  
  182  19:18  High Templar x2, Zealot x3  
  166  19:28  Immortal  
  170  19:40  Zealot x11  
  170  19:44  Nexus  
  170  20:15  Zealot x4  
  170  20:17  Zealot x2  
  182  20:27  Photon Cannon  
  181  20:30  Protoss Air Armor Level 1  
  181  20:34  Shield Battery  
  181  20:35  Shield Battery x4  
  181  20:36  Stalker x5  
  181  20:40  Pylon, Photon Cannon  
  191  20:43  Assimilator  
  191  20:46  Assimilator  
  191  20:48  Colossus  
  179  20:55  Tempest  
  170  20:57  Colossus, Tempest  
  170  20:58  Colossus  
  193  21:06  Photon Cannon  
  193  21:08  High Templar, Photon Cannon  
  193  21:11  Photon Cannon  
  200  21:13  Photon Cannon  
  200  21:29  Observer  
  198  21:32  Stalker  
  198  21:34  Photon Cannon  
  198  21:36  Photon Cannon  
  196  21:41  Oracle  
  196  21:44  Stalker x2  
  185  21:49  Observer  
  176  21:55  Tempest x2  
  176  22:00  Gravitic Boosters  
  176  22:06  Observer, Dark Templar  
  176  22:07  Observer  
  190  22:09  Observer  
  190  22:14  Protoss Air Armor Level 2, Probe x2  
  193  22:22  Tempest  
  161  22:55  High Templar x3  
  165  22:59  Zealot  
  165  23:00  Zealot x3  
  172  23:26  Disruptor x2  
  178  23:27  Disruptor  
  163  23:42  Oracle  
  163  23:43  Oracle  
  169  23:49  Dark Templar x4  
  169  23:50  Zealot x9  
  194  24:02  Observer  
  193  24:12  Tempest  
  179  24:19  Tempest  
  170  24:43  High Templar x3  
  170  24:45  Zealot x5  
  166  24:46  Probe  
  166  24:50  Probe x2  
  166  24:51  Tempest  
  176  25:09  Immortal x2  
  184  25:17  Zealot x8  
  192  25:36  Stalker x4  
  200  25:50  Nexus  
  200  25:51  Pylon  
  192  25:57  Disruptor x2  
  190  26:12  Archon  
  190  26:15  Zealot x6  
  190  26:16  Zealot  
  196  26:32  Dark Templar x2  
  192  26:50  Oracle x2  
  195  26:59  Zealot x3  
  191  27:10  Disruptor  
  191  27:14  Disruptor  
  185  27:25  Archon x2  
  164  27:36  Zealot x6  
  164  27:37  Zealot x7  
  170  27:38  Immortal  
  176  27:52  Nexus  
  176  28:04  Stalker x9  
  171  28:29  Zealot x13  
  194  28:48  Tempest  
  199  28:52  Assimilator  
  199  28:53  Assimilator  
  171  29:11  Stalker x3  
  166  29:39  Stalker x2, Zealot  
  166  29:40  Zealot x5  
  162  30:17  Zealot x2  
  162  30:18  Zealot  
Tags
 
Add a new tag
Caveats
  • Supply blocks, unpowered buildings, or Contaminate may cause inaccurate times.
  • Supply counts are checked every 10 seconds.